 Dungeon Crawl Stone Soup version 0.19.5 (webtiles) character file.

1162188 Azzok the Merry Centaur (level 27, -12/273 HPs)
             Began as a Centaur Fighter on May 30, 2017.
             Was the Champion of the Shining One.
             Killed from afar by a war gargoyle (61 damage)
             ... with a spray of metal splinters
             ... on level 1 of the Depths on May 31, 2017.
             The game lasted 06:46:33 (129848 turns).

Azzok the Merry Centaur (Centaur Fighter)         Turns: 129848, Time: 06:46:33

Health: -12/273    AC: -4    Str: 33    XL:     27
Magic:  13/42      EV:  9    Int:  7    God:    the Shining One [******]
Gold:   9555       SH:  0    Dex: 14    Spells: 9 memorised, 33 levels left

rFire  + + .     SeeInvis +     a - +9 longbow (holy)
rCold  + + .     Gourm    +     C - +12 gold dragon scales
rNeg   + + +     Faith    .     (shield currently unavailable)
rPois  +         Spirit   .     P - +0 mask of the Dragon {MR+ Slay+3 SInv}
rElec  +         Reflect  .     o - +2 cloak {MR+}
rCorr  .         Harm     .     Q - +2 pair of gloves {archery}
MR     ++++.                    F - +6 centaur barding "Talo" {+Blink Regen+ Slay+3}
Stlth  ..........               t - amulet "Qyge" {Gourm rElec Str+3 Stlth-}
                                L - ring of protection from cold
                                c - ring "Reopn" {rElec rPois rF+ Dex+3}

@: weakened, portal projectile, corroded, very slightly contaminated, glowing,
repel missiles, very quick
A: hooves 3, deformed body, speed 2, tough skin 3
a: Divine Shield, Cleansing Flame, Summon Divine Warrior, Renounce Religion,
Evoke Blink
}: 10/15 runes: serpentine, barnacled, slimy, silver, abyssal, demonic, glowing,
magical, fiery, dark


You were on level 1 of the Depths.
You worshipped the Shining One.
The Shining One was exalted by your worship.
You were not hungry.

You visited 13 branches of the dungeon, and saw 59 of its levels.
You visited Pandemonium 1 time, and saw 35 of its levels.
You visited the Abyss 2 times.
You also visited: Ossuary, Ice Cave and Volcano.

You collected 14379 gold pieces.
You spent 4824 gold pieces at shops.

Inventory:

Hand Weapons
 a - a +9 longbow of holy wrath (weapon)
 b - a +9 triple sword of holy wrath
 G - the +8 longbow of Invincibility {flame, Stlth+}
   (Okawaru gifted it to you on level 6 of the Lair of Beasts)

   It causes projectiles fired from it to burn those they strike, causing extra
   injury to most foes and up to half again as much damage against particularly
   susceptible opponents.
   It makes you more stealthy.
Missiles
 l - 863 arrows (quivered)
Armour
 o - a +2 cloak of magic resistance (worn)
 C - +12 gold dragon scales (worn)
 F - the +6 centaur barding "Talo" (worn) {+Blink Regen+ Slay+3}
   (Okawaru gifted it to you on level 2 of the Vaults)

   It affects your accuracy and damage with ranged weapons and melee attacks
   (+3).
   It lets you blink.
   It increases your rate of regeneration.
 P - the +0 mask of the Dragon (worn) {MR+ Slay+3 SInv}
   (You found it on level 4 of the Shoals)

   It affects your accuracy and damage with ranged weapons and melee attacks
   (+3).
   It affects your resistance to hostile enchantments.
   It lets you see invisible.
 Q - a +2 pair of gloves of archery (worn)
Jewellery
 c - the ring "Reopn" (left hand) {rElec rPois rF+ Dex+3}
   (You acquired it in Pandemonium)

   [ring of dexterity]

   It affects your dexterity (+3).
   It protects you from fire.
   It insulates you from electricity.
   It protects you from poison.
 g - an uncursed ring of resist corrosion
 t - the amulet "Qyge" (around neck) {Gourm rElec Str+3 Stlth-}
   (You acquired it on level 14 of the Dungeon)

   [amulet of the gourmand]

   It allows you to eat raw meat even when not hungry.
   It affects your strength (+3).
   It insulates you from electricity.
   It makes you less stealthy.
 D - the ring of Sin {rF+ Dex+3 Stlth-}
   (You found it in Pandemonium)

   [ring of loudness]

   It affects your dexterity (+3).
   It protects you from fire.
   It makes you less stealthy.
 L - a ring of protection from cold (right hand)
 N - an uncursed ring of protection from magic
Wands
 u - a wand of heal wounds (5/9)
 y - a wand of teleportation (4/9)
 E - a wand of hasting (4/9)
 J - a wand of digging (12/24)
 Y - a wand of heal wounds (6/9)
Scrolls
 e - 43 scrolls of remove curse
 h - 5 scrolls of blinking
 m - 25 scrolls of teleportation
 n - 20 scrolls of identify
 q - 10 scrolls of recharging
 v - 13 scrolls of fog
 M - 12 scrolls of magic mapping
 R - 8 scrolls of fear
 T - 5 scrolls of silence
 V - a scroll of holy word
Potions
 d - 11 potions of cancellation
 i - 13 potions of haste
 j - 28 potions of curing
 p - 15 potions of flight
 r - 11 potions of resistance
 w - 17 potions of heal wounds
 z - 19 potions of agility
 H - 7 potions of magic
 O - a potion of mutation {!q}
 S - 14 potions of might
 X - 7 potions of cure mutation {!q}
Miscellaneous
 s - 7 phantom mirrors
Comestibles
 f - 49 bread rations {@e1}
 k - 11 slices of pizza
 x - 25 beef jerkies
 A - 7 royal jellies
 K - 38 meat rations {@e2}
 W - 30 fruits


   Skills:
 O Level 27 Fighting
 + Level 9.8 Long Blades
 O Level 27 Bows
 O Level 27 Armour
 + Level 9.6 Dodging
   Level 2.1 Shields
 + Level 15.9 Spellcasting
 - Level 10.6 Charms
 + Level 19.5 Translocations
 - Level 10.1 Air Magic
 O Level 27 Invocations


You had 33 spell levels left.
You knew the following spells:

 Your Spells              Type           Power        Failure   Level  Hunger
a - Portal Projectile     Tloc           ####..       1%          3    ##.....
b - Blink                 Tloc           N/A          1%          2    None
c - Repel Missiles        Chrm/Air       ###...       1%          2    None
d - Apportation           Tloc           ####......   0%          1    None
e - Shroud of Golubria    Chrm/Tloc      ####......   1%          2    None
f - Passage of Golubria   Tloc           N/A          1%          4    ####...
g - Song of Slaying       Chrm           ###.....     1%          2    None
h - Spectral Weapon       Hex/Chrm       ##......     17%         3    ##.....
i - Silence               Hex/Air        ##........   97%         5    #####..


Dungeon Overview and Level Annotations

Branches:
Dungeon (15/15)            Temple (1/1) D:4            Lair (6/6) D:8
 Shoals (4/4) Lair:2        Snake (4/4) Lair:4        Slime (5/5) Lair:5
    Orc (2/2) D:10            Elf (3/3) Orc:2        Vaults (5/5) D:14
  Crypt (3/3) Vaults:3       Tomb (0/3) Crypt:3      Depths (5/5) D:15
   Hell (1/1)                 Zot (5/5) Depths:5
    Dis: Hell:1         Geh: Hell:1         Coc: Hell:1         Tar: Hell:1

Altars:
Ashenzari
Cheibriados
Dithmenos
Elyvilon
Fedhas
Gozag
Hepliaklqana
Kikubaaqudgha
Makhleb
Nemelex Xobeh
Okawaru
Qazlal
Ru
Sif Muna
Trog
Uskayaw
Vehumet
Xom
Yredelemnul
Zin
The Shining One
Beogh
Jiyva

Shops:
D:4 [   D:7 [   D:8 %   D:9 (   D:11 *   D:12 (*   Orc:2 ?[}}:%}   Elf:1 [
Vaults:2 (   Vaults:3 ??:   Depths:1 ?   Depths:3 }==   Depths:4 *

Portals:
Hell: Depths:1 Depths:2 Depths:3 Depths:4 Depths:5
Abyss: Depths:2 Depths:4
Pandemonium: Depths:2 Depths:3 Depths:4
Ziggurat: Depths:3

Annotations:
Hell Murray


Innate Abilities, Weirdness & Mutations

You have hooves in place of feet.
Armour fits poorly on your strangely shaped body.
You cover ground very quickly.
You have extremely tough skin. (AC +3)


Message History

Firing (i - inventory):
l - 863 arrows (quivered)
Press: ? - help, Shift-Dir - straight line, f/p - war gargoyle
Aim: a war gargoyle, wielding a flail (moderately damaged, catching its breath, haloed)
Okay, then.
Press: ? - help, v - describe, . - travel An open door, spattered with blood.
This square is lit by a halo.
You are momentarily dazzled by a brilliant light.
You feel somewhat more hungry.
The war gargoyle hits you with a flail!!
* * * LOW HITPOINT WARNING * * *
You take 29 damage, and have 20/273 hp.
You now have 13/42 mp.
Okay, then.
Evoke which item? (* to show all) (? for menu, Esc to quit)
Zapping:
u - a wand of heal wounds (6/9)
Press: ? - help, Shift-Dir - straight line, f - you, p - war gargoyle You feel much better.
This wand has 5 charges left.
The war gargoyle launches metal splinters at you.
The spray of metal splinters hits you!
You die...

▒)▒▒▒ ▒···▒▒▒·▒·▒▒▒··· ▒▒▒▒'▒▒▒▒
▒·▒▒▒♣▒'▒'▒♣▒▒▒· ▒·······▒▒▒▒▒
▒▒·▒·····▒·····▒· ▒·)·········▒
▒··▒··)▒···▒···▒· ▒▒····≈≈≈≈≈≈≈▒▒
▒··▒·^·▒···▒·)·▒·
()···≈≈≈≈≈≈≈≈≈▒▒▒··▒♣▒▒▒'''▒▒▒♣▒·
▒▒··≈≈≈≈≈≈≈≈≈≈≈▒▒··▒▒▒§▒···▒§▒▒▒·
▒▒··≈≈≈≈≈≈≈≈≈≈≈▒▒················
▒··≈≈≈≈≈·≈≈≈≈≈9@··············▒▒
▒▒·≈≈≈≈(∩·[≈4≈4▒··········▒▒▒▒▒
▒▒≈≈)≈≈·≈≈(≈≈▒▒▒A▒▒▒▒▒▒▒▒▒
▒≈≈≈≈≈≈≈≈≈≈≈▒ ▒·▒ ▒≈≈≈≈)≈≈≈≈≈≈▒
▒·▒ ▒▒≈≈≈≈≈≈≈≈≈▒▒ ▒·▒ ▒
▒▒▒▒≈≈)≈≈≈≈▒▒▒▒▒·▒▒▒▒▒▒▒▒ ▒
▒···[···▒▒▒▒▒···········▒
▒▒▒·······(·▒▒▒···········▒


You could see a war gargoyle, 2 rust devils and a friendly daeva.

Vanquished Creatures
  Cerebov (Pan)
  the Royal Jelly (Slime:5)
  Gloorx Vloq (Pan)
  28 pandemonium lords (Pan)
  Lom Lobon (Pan)
  Mara (Depths:1)
  3 orbs of fire (Zot:5)
  Mennas (Pan)
  6 ancient liches
  3 greater mummies (Depths:3)
  Boris (Crypt:2)
  Bai Suzhen (Vaults:4)
  Saint Roka (Vaults:1)
  A caustic shrike (Depths:2)
  Margery (Depths:3)
  3 curse toes (Zot:4)
  10 Killer Klowns
  Geryon (Hell)
  Nikola (Vaults:3)
  9 golden dragons
  A bone dragon (Depths:5)
  A pearl dragon (Pan)
  13 Brimstone Fiends (Pan)
  8 Tzitzimimeh (Pan)
  Jorgrun (Depths:1)
  3 electric golems
  5 Ice Fiends (Pan)
  7 liches
  A hellephant (Pan)
  13 tentacled monstrosities
  15 Hell Sentinels (Pan)
  Rupert (Lair:6)
  The ghost of Azzok the Minotaur Blade, an adept MiFi of Okawaru (Snake:4)
  25 Orb Guardians (Zot:5)
  7 quicksilver dragons
  11 deep elf blademasters
  9 deep elf master archers
  19 acid blobs
  2 krakens
  50 Executioners
  5 death cobs
  An ancient champion (Crypt:2)
  14 titans
  6 tentacled starspawn
  An eldritch tentacle (Depths:5)
  A sphinx (Vaults:5)
  21 shadow dragons
  Kirke (Snake:4)
  9 tengu reavers
  21 storm dragons
  Roxanne (Shoals:2)
  9 daevas
  Ilsuiw (Shoals:4)
  6 draconian monks
  15 nagarajas
  7 deep elf sorcerers
  16 azure jellies
  28 blood saints (Pan)
  26 fire giants
  7 ghost moths
  6 draconian scorchers
  25 frost giants
  38 cacodemons
  4 draconian knights
  34 balrugs (Pan)
  25 warmongers (Pan)
  9 angels (Pan)
  22 vault wardens
  6 draconian shifters
  7 draconian zealots
  41 reapers
  27 very ugly things
  4 deep elf elementalists (Elf:3)
  22 ironheart preservers
  7 draconian annihilators
  The ghost of Azzok the Crack Shot, a journeyman CeHu of Okawaru (D:12)
  6 curse skulls
  29 stone giants
  A ghoul (Crypt:2)
  4 war gargoyles
  2 draconian callers
  An entropy weaver (Vaults:5)
  9 black draconians
  9 white draconians
  22 black suns (Pan)
  11 starcursed masses (Abyss:2)
  19 corrupters (Pan)
  7 apis (Pan)
  18 vampire knights
  30 lorocyprocas (Pan)
  8 yellow draconians
  9 green draconians
  12 deep elf annihilators
  5 deep elf demonologists
  3 ophanim (Pan)
  3 spark wasps
  13 purple draconians
  8 eidola (Crypt:3)
  The ghost of Azzok the Markscentaur, a journeyman CeBe of Trog (Volcano)
  5 mottled draconians
  22 ettins
  15 red draconians
  4 crystal guardians
  15 deep elf death magi
  34 green deaths
  7 death oozes (Slime:5)
  3 mummy priests
  9 fire dragons
  Snorg (Orc:1)
  10 merfolk impalers
  9 merfolk javelineers (Shoals:4)
  13 rakshasas
  51 blizzard demons
  A great orb of eyes (shapeshifter) (Abyss:3)
  5 jiangshi
  8 deep elf high priests
  Fannar (Lair:3)
  10 great orbs of eyes
  A quicksilver dragon zombie (Crypt:3)
  5 hell beasts (Pan)
  2 quicksilver dragon skeletons
  17 yaktaur captains
  4 hydras
  9 ice dragons
  3 spriggan air magi
  50 vault guards
  24 monstrous demonspawn (Pan)
  40 naga warriors
  9 centaur warriors
  2 anacondas (shapeshifter)
  11 anacondas
  2 juggernaut simulacra (Pan)
  5 merfolk avatars
  8 deep troll shamans
  4 alligator snapping turtles
  3 death knights
  25 ogre magi
  4 merfolk aquamancers
  3 satyrs
  8 deep troll earth magi
  19 dancing weapons
  Urug (Lair:3)
  3 tengu warriors
  The ghost of Azzok the Fencer, a novice MiFi of Okawaru (D:11)
  23 thrashing horrors
  An orc high priest (Orc:2)
  2 death yaks (IceCv)
  7 hell hogs (Abyss:2)
  The ghost of greprep the Covert, a journeyman SpEn of Ashenzari (Lair:3)
  9 vampire magi
  Sonja (Lair:3)
  6 holy swine (Pan)
  110 sun demons
  92 soul eaters
  3 titan zombies
  21 naga sharpshooters
  Nergalle (Lair:4)
  4 titan skeletons
  14 shock serpents
  7 spriggan berserkers
  25 deep elf knights
  4 wretched stars (Abyss:2)
  A fire crab (shapeshifter) (Vaults:1)
  11 shadow wraiths
  3 iron trolls
  2 salamander mystics
  4 hell knights
  A golden dragon zombie (Crypt:3)
  The ghost of Azzok the Markscentaur, a novice CeHu of Okawaru (D:7)
  5 cherubim (Pan)
  2 storm dragon skeletons
  15 sea snakes
  2 spatial maelstroms
  6 naga ritualists
  31 gelid demonspawn (Pan)
  59 sixfirhies
  10 unseen horrors
  27 deep trolls
  A glowing orange brain (shapeshifter) (Vaults:1)
  22 infernal demonspawn (Pan)
  11 wizards
  8 glowing orange brains
  31 skeletal warriors
  2 flayed ghosts
  An anaconda zombie (Crypt:2)
  26 shadow demons (Pan)
  23 torturous demonspawn (Pan)
  7 hill giants
  An orange crystal statue (Shoals:1)
  2 shadow dragon zombies (Crypt:3)
  2 lindwurms (Lair:6)
  A sphinx zombie (Depths:5)
  20 necromancers
  3 harpies (shapeshifter)
  A golden dragon skeleton (Depths:1)
  19 ironbrand convokers
  2 anaconda skeletons
  12 orc knights
  25 deep elf archers
  Pikel (D:4)
  A lindwurm (shapeshifter) (D:15)
  11 harpies
  3 iron dragon zombies
  14 phantasmal warriors
  68 deep elf magi
  7 wolf spiders
  4 mana vipers
  10 orc sorcerers
  11 fauns
  27 ugly things
  11 manticores
  17 salamanders
  A shadow dragon skeleton (Crypt:2)
  4 shining eyes
  A human zombie (Vaults:3)
  A stone giant zombie (Crypt:3)
  12 cyclopes
  30 moths of wrath
  A salamander (shapeshifter) (D:15)
  Maurice (Orc:2)
  3 worldbinders (Abyss:2)
  A frost giant zombie (Vaults:4)
  9 sirens
  3 stone giant skeletons
  3 guardian serpents (shapeshifter) (Abyss:3)
  6 ice statues
  2 iron dragon skeletons
  3 dire elephant zombies (Crypt:3)
  15 rust devils
  17 vault sentinels
  11 water nymphs
  A frost giant skeleton (Pan)
  A black mamba (shapeshifter) (D:15)
  92 smoke demons
  A fire giant skeleton (Depths:1)
  6 torpor snails (Lair:6)
  2 apocalypse crabs
  17 naga magi
  40 black mambas
  An eye of devastation (Slime:3)
  45 orange demons
  11 centaur skeletons
  5 spectral swamp worms (Depths:1)
  4 gargoyles
  12 guardian serpents
  2 centaur zombies (D:15)
  3 dire elephant skeletons
  4 kobold demonologists
  15 small abominations
  10 komodo dragons
  A spiny frog (shapeshifter) (Vaults:2)
  51 hellions (Pan)
  A shock serpent skeleton (Crypt:3)
  7 efreet
  A catoblepas zombie (Crypt:3)
  6 spiny frogs
  17 ice devils
  5 rime drakes
  A yaktaur (shapeshifter) (Vaults:4)
  19 tormentors
  71 yaktaurs
  7 freezing wraiths
  4 tengu conjurers
  45 hellwings
  41 demonic crawlers (Pan)
  A sea snake skeleton (Crypt:2)
  33 red devils
  A harpy zombie (Abyss:2)
  4 jumping spiders
  2 guardian mummies (Crypt:3)
  3 queen bees (shapeshifter)
  3 ancient zymes
  3 meliai (D:15)
  12 polar bears
  27 merfolk
  2 jumping spiders (shapeshifter)
  A purple draconian skeleton (Crypt:1)
  A merfolk (shapeshifter) (D:15)
  A meliai (shapeshifter) (Vaults:4)
  11 trolls
  11 hornets
  3 tyrant leeches (Lair:6)
  A silent spectre (Abyss:2)
  A harpy skeleton (Volcano)
  A hornet (shapeshifter) (Vaults:2)
  27 two-headed ogres
  2 snapping turtles (shapeshifter)
  26 wind drakes
  11 raiju
  13 dream sheep
  Grinder (D:3)
  An alligator zombie (Crypt:3)
  A meliai zombie (D:15)
  A tyrant leech (shapeshifter) (Vaults:1)
  A blink frog (shapeshifter) (Vaults:1)
  10 blink frogs
  13 snapping turtles
  An ettin zombie (Crypt:3)
  10 hippogriffs
  2 hydra skeletons (Pan)
  72 slime creatures
  A bog body (Crypt:2)
  15 flying skulls
  A fire dragon skeleton (Depths:1)
  3 air elementals
  3 alligator skeletons
  Sigmund (D:4)
  4 shadows
  21 water elementals
  8 wraiths
  3 redbacks
  4 fire elementals
  A hill giant zombie (Crypt:1)
  A vampire (Abyss:2)
  3 ettin skeletons
  A human (D:14)
  4 fire bats (Pan)
  2 ice dragon skeletons (Crypt:3)
  2 wyverns
  A hog (Snake:4)
  72 yaks
  84 large abominations
  92 ynoxinuls
  8 basilisks
  52 neqoxecs
  A human (shapeshifter) (Depths:4)
  42 chaos spawn
  4 steam dragons
  3 golden eyes (Abyss:2)
  5 spatial vortices
  A harpy simulacrum (Abyss:3)
  A human simulacrum (Vaults:1)
  3 mottled dragons
  4 soldier ants (shapeshifter)
  4 wargs
  A merfolk zombie (Crypt:3)
  81 nagas
  An insubstantial wisp (Depths:5)
  15 water moccasins
  A deep troll skeleton (Vaults:4)
  2 gelid demonspawn zombies
  A tengu skeleton (Depths:1)
  A merfolk skeleton (Abyss:2)
  4 floating eyes
  8 hell hounds
  7 porcupines
  31 orc warriors
  2 ice beasts
  2 sky beasts
  3 black bears
  2 spiny frog skeletons
  4 slaves
  A phantom (D:4)
  3 snapping turtle zombies (Crypt:3)
  2 necrophages (Crypt:2)
  An eye of draining (shapeshifter) (Vaults:3)
  6 boggarts
  A blink frog zombie (Crypt:2)
  13 eyes of draining
  An ettin simulacrum (Vaults:4)
  65 ogres
  16 centaurs
  A human skeleton (Vaults:3)
  30 wolves
  A hog zombie (Crypt:1)
  10 crocodiles
  5 big kobolds
  2 earth elementals
  A komodo dragon zombie (Crypt:2)
  An elf zombie (Ossuary)
  14 bullfrogs
  2 glowing shapeshifter simulacra
  9 wyvern skeletons
  8 scorpions
  51 killer bees
  A snapping turtle simulacrum (Abyss:2)
  2 troll skeletons (Volcano)
  20 wights
  4 howler monkeys
  2 spriggan skeletons
  3 crimson imps
  3 bullfrog zombies
  6 quasits
  3 iron imps (Abyss:2)
  A black bear zombie (Crypt:2)
  5 jellies
  21 orc priests
  8 hounds
  43 orc wizards
  3 bullfrog skeletons
  A gnoll shaman (D:7)
  6 iguanas
  Ijyb (D:3)
  Natasha (thrice) (D:2)
  6 worker ants
  2 big kobold zombies (Ossuary)
  An ogre zombie (Crypt:3)
  A hound zombie (D:10)
  An ogre skeleton (Crypt:2)
  5 mummies
  2 worker ant zombies
  Robin (D:2)
  18 gnolls
  12 adders
  2 shadow imps
  2 white imps
  2 ufetubi (Abyss:2)
  2 oozes (D:4)
  An adder skeleton (D:9)
  4 adder zombies
  A ball lightning (Pan)
  5 dart slugs
  6 leopard geckos
  92 orcs
  2 ball pythons
  10 bats
  A bat zombie (Crypt:1)
  6 giant cockroaches
  14 goblins
  13 hobgoblins
  17 jackals
  20 kobolds
  2 quokkas
  A ball python zombie (Crypt:1)
  7 frilled lizards
  2 goblin zombies
  10 hobgoblin zombies (Ossuary)
  3 jackal zombies (Ossuary)
  13 kobold zombies
  An orc skeleton (Crypt:1)
  6 orc zombies (Ossuary)
  A quokka zombie (D:5)
  6 rats
  2 rat zombies (Ossuary)
  3 crawling corpses
  A demonic plant (Abyss:2)
  A fire vortex (Depths:5)
  A fungus (Lair:5)
  2 lurking horrors (Abyss:3)
  3 plants
  4 starspawn tentacles (Abyss:2)
  4 tentacles
  4 withered plants (Crypt:3)
4688 creatures vanquished.

Vanquished Creatures (collateral kills)
  Mnoleg (Pan)
  2 Executioners (Pan)
  A daeva (Pan)
  An angel (Pan)
  A cacodemon (Pan)
  An ophan (Pan)
  2 apis (Pan)
  A lorocyproca (Pan)
  2 sixfirhies (Pan)
  A cherub (Pan)
13 creatures vanquished.

Vanquished Creatures (others)
  An eldritch tentacle (Pan)
  A purple draconian (Zot:4)
  A quicksilver dragon zombie (Crypt:2)
  A hell hog (Abyss:2)
  An infernal demonspawn (Pan)
  2 gargoyles (Volcano)
  A wind drake (Pan)
  A polar bear (IceCv)
  A yak (IceCv)
  4 humans (Snake:4)
  2 ogres (Vaults:3)
  2 wolves (IceCv)
  2 ball lightnings (Pan)
  A fire vortex (Pan)
  8 fungi
  2 lurking horrors
  21 plants
  8 starspawn tentacles
  13 tentacles
  34 withered plants (Crypt:3)
107 creatures vanquished.

Grand Total: 4808 creatures vanquished

Notes
Turn   | Place    | Note
-------+----------+-------------------------------------------
     0 | D:1      | Azzok the Centaur Fighter began the quest for the Orb.
     0 | D:1      | Reached XP level 1. HP: 19/19 MP: 1/1
   400 | D:1      | Reached XP level 2. HP: 21/26 MP: 2/2
   587 | D:1      | Reached XP level 3. HP: 33/33 MP: 3/3
  1108 | D:2      | Noticed Robin
  1152 | D:2      | Killed Robin
  1156 | D:2      | Reached XP level 4. HP: 20/41 MP: 4/4
  1263 | D:2      | Reached skill level 5 in Fighting
  1408 | D:2      | Found a sacrificial altar of Ru.
  1436 | D:2      | Noticed Natasha
  1446 | D:2      | Killed Natasha
  2042 | D:2      | Reached XP level 5. HP: 50/50 MP: 5/5
  2046 | D:2      | Found a blossoming altar of Fedhas.
  2116 | D:2      | Noticed Natasha
  2120 | D:2      | Killed Natasha
  2136 | D:2      | Noticed Natasha
  2144 | D:2      | Killed Natasha
  2506 | D:3      | Found a white marble altar of Elyvilon.
  2575 | D:3      | Noticed Ijyb
  2592 | D:3      | Killed Ijyb
  2693 | D:3      | Reached XP level 6. HP: 40/58 MP: 6/6
  2812 | D:3      | Found a glowing golden altar of the Shining One.
  3114 | D:3      | Noticed Grinder
  3118 | D:3      | Paralysed by Grinder for 4 turns
  3125 | D:3      | Paralysed by Grinder for 3 turns
  3131 | D:3      | Killed Grinder
  3234 | D:3      | Reached XP level 7. HP: 67/68 MP: 7/7
  3400 | D:4      | Found a sparkling altar of Nemelex Xobeh.
  3677 | D:4      | Noticed Pikel
  4063 | D:4      | Killed Pikel
  4063 | D:4      | Reached XP level 8. HP: 71/79 MP: 8/8
  4170 | D:4      | Reached skill level 10 in Fighting
  4239 | D:4      | Noticed Sigmund
  4623 | D:4      | Killed Sigmund
  4733 | D:4      | Found Yxter's Armour Emporium.
  4769 | D:4      | Found a staircase to the Ecumenical Temple.
  4778 | Temple   | Entered the Ecumenical Temple
  5096 | D:5      | Entered Level 5 of the Dungeon
  6560 | D:6      | Found a sand-covered staircase.
  6569 | Ossuary  | Entered an ossuary
  6971 | Ossuary  | Reached XP level 9. HP: 88/90 MP: 9/9
  7418 | D:6      | Found a glowing silver altar of Zin.
  7806 | D:7      | Noticed Azzok's ghost (novice CeHu)
  7828 | D:7      | Killed Azzok's ghost
  8065 | D:7      | Found Afysa's Antique Armour Boutique.
  8073 | D:7      | Bought a glowing cloak for 189 gold pieces
  9001 | D:8      | Found an iron altar of Okawaru.
  9030 | D:8      | Became a worshipper of Warmaster Okawaru
  9116 | D:8      | Reached XP level 10. HP: 74/103 MP: 10/10
  9240 | D:8      | Reached skill level 1 in Invocations
  9247 | D:8      | Found an ancient bone altar of Kikubaaqudgha.
  9310 | D:8      | Found a staircase to the Lair.
  9355 | D:8      | Learned a level 1 spell: Apportation
  9358 | D:8      | Learned a level 2 spell: Blink
  9361 | D:8      | Learned a level 2 spell: Repel Missiles
  9447 | D:8      | Found Lasick's Food Boutique.
  9791 | D:8      | Found a shimmering altar of Xom.
  9811 | D:8      | Identified the Guide on Fetching Protection
  9958 | D:8      | Found a faded altar of an unknown god.
  9958 | D:8      | Found a faded altar of an unknown god.
  9963 | D:8      | Found a hazy altar of Hepliaklqana.
  9967 | D:8      | Found a faded altar of an unknown god.
  9969 | D:8      | Found a faded altar of an unknown god.
 10032 | D:9      | Reached * piety under Okawaru
 10735 | D:9      | Got a scorched plate armour
 10736 | D:9      | Identified the +3 plate armour of Weocep Cerax {*Drain rElec Str+8} (You found it on level 9 of the Dungeon)
 10750 | D:9      | Found Ezajaowk's Weapon Shoppe.
 11151 | D:9      | Bought a +4 shortbow of freezing for 301 gold pieces
 11165 | D:10     | Entered Level 10 of the Dungeon
 11247 | D:10     | Reached skill level 1 in Bows
 11273 | D:10     | Reached ** piety under Okawaru
 11375 | Lair:1   | Entered Level 1 of the Lair of Beasts
 11517 | D:10     | Found a staircase to the Orcish Mines.
 11993 | D:10     | Reached skill level 15 in Fighting
 12164 | D:10     | Paralysed by a hornet for 3 turns
 12229 | D:10     | Reached skill level 5 in Invocations
 12766 | Lair:1   | Noticed a spiny frog
 12784 | Lair:1   | Killed a spiny frog
 12970 | Lair:1   | Reached *** piety under Okawaru
 12970 | Lair:1   | Reached XP level 11. HP: 60/112 MP: 15/15
 12982 | Lair:1   | Reached skill level 5 in Bows
 13550 | Lair:1   | Reached **** piety under Okawaru
 14438 | Lair:1   | Reached ***** piety under Okawaru
 14854 | Lair:2   | Noticed an eight-headed hydra
 14869 | Lair:2   | Killed an eight-headed hydra
 14944 | Lair:2   | Found a staircase to the Shoals.
 15373 | Lair:3   | Noticed greprep's ghost (journeyman SpEn)
 15536 | Lair:2   | Received a gift from Okawaru
 15536 | Lair:2   | Reached skill level 10 in Bows
 15914 | Lair:3   | Reached XP level 12. HP: 108/119 MP: 19/19
 16277 | Lair:2   | Reached skill level 10 in Invocations
 16576 | Lair:3   | Noticed Sonja
 17188 | Lair:3   | Killed Sonja
 18133 | Lair:3   | Noticed Fannar
 18180 | Lair:3   | Killed Fannar
 18299 | Lair:3   | Killed greprep's ghost
 18906 | Lair:4   | Noticed Urug
 18940 | Lair:3   | Killed Urug
 19064 | Lair:4   | Found a dark tunnel.
 19188 | Volcano  | Entered a volcano
 19218 | Volcano  | Noticed Azzok's ghost (journeyman CeBe)
 19238 | Volcano  | Killed Azzok's ghost
 19238 | Volcano  | Received a gift from Okawaru
 19359 | Volcano  | Reached skill level 15 in Bows
 19924 | Lair:4   | Reached XP level 13. HP: 118/126 MP: 20/20
 20212 | Lair:4   | Found a staircase to the Snake Pit.
 20485 | Lair:4   | Noticed Nergalle
 20507 | Lair:4   | Killed Nergalle
 20507 | Lair:4   | Received a gift from Okawaru
 20510 | Lair:4   | Got a faintly glowing shortbow {god gift}
 20640 | Lair:4   | Identified the +5 shortbow "Kaongago" {speed, rF- rC+ SInv} (Okawaru gifted it to you on level 4 of the Lair of Beasts)
 21173 | Lair:5   | Found a viscous altar of Jiyva.
 21173 | Lair:5   | Found a staircase to the Slime Pits.
 21180 | Lair:5   | Found a frozen archway.
 21278 | IceCv    | Entered an ice cave
 22779 | IceCv    | Noticed a frost giant
 22794 | IceCv    | Received a gift from Okawaru
 22818 | IceCv    | Killed a frost giant
 23630 | Lair:5   | Reached ****** piety under Okawaru
 24353 | Lair:6   | Entered Level 6 of the Lair of Beasts
 25070 | Lair:6   | Noticed Rupert
 25080 | Lair:6   | Killed Rupert
 25080 | Lair:6   | Received a gift from Okawaru
 25080 | Lair:6   | Received a gift from Okawaru
 25215 | Lair:6   | Reached XP level 14. HP: 135/135 MP: 21/21
 25326 | Lair:6   | Received a gift from Okawaru
 25544 | Lair:6   | Found a runed door.
 26483 | Lair:6   | Received a gift from Okawaru
 26863 | Lair:6   | Received a gift from Okawaru
 26866 | Lair:6   | Got a dazzling longbow {god gift}
 26867 | Lair:6   | Identified the +8 longbow of Invincibility {flame, Stlth+} (Okawaru gifted it to you on level 6 of the Lair of Beasts)
 27832 | D:11     | Found Umerph Vijounk's Assorted Antiques.
 27836 | D:11     | Bought a notched gilded ring for 145 gold pieces
 27836 | D:11     | Bought a bronze ring for 145 gold pieces
 27844 | D:11     | Bought a scroll of identify for 58 gold pieces
 27844 | D:11     | Bought a scroll of identify for 58 gold pieces
 28231 | D:11     | Found an opulent altar of Gozag.
 28329 | D:11     | Received a gift from Okawaru
 28342 | D:11     | Noticed Azzok's ghost (novice MiFi)
 28349 | D:11     | Killed Azzok's ghost
 28774 | D:12     | Found Cack's General Store.
 28780 | D:12     | Bought a scroll of teleportation for 42 gold pieces
 28841 | D:12     | Found a shattered altar of Ashenzari.
 29012 | D:12     | Found Raxenish's Weapon Shop.
 29069 | D:12     | Noticed Azzok's ghost (journeyman CeHu)
 29098 | D:12     | Killed Azzok's ghost
 29098 | D:12     | Received a gift from Okawaru
 30760 | D:14     | Reached XP level 15. HP: 141/141 MP: 22/22
 31335 | D:14     | Identified a scroll of acquirement
 31339 | D:14     | Got a coiled crystal amulet
 31340 | D:14     | Identified the amulet "Qyge" {Gourm rElec Str+3 Stlth-} (You acquired it on level 14 of the Dungeon)
 31809 | D:14     | Found a gate to the Vaults.
 31829 | D:14     | Received a gift from Okawaru
 32054 | D:15     | Entered Level 15 of the Dungeon
 32254 | D:15     | Found a white marble altar of Elyvilon.
 32989 | D:15     | Found a staircase to the Depths.
 33360 | Orc:1    | Entered Level 1 of the Orcish Mines
 33422 | Orc:1    | Found a roughly hewn altar of Beogh.
 34119 | Orc:2    | Entered Level 2 of the Orcish Mines
 34119 | Orc:2    | Noticed Snorg
 34208 | Orc:1    | Killed Snorg
 34247 | Orc:2    | Noticed Maurice
 34250 | Orc:2    | Killed Maurice
 34266 | Orc:2    | Found a staircase to the Elven Halls.
 34341 | Orc:2    | Found Ilagg's Gadget Shop.
 34345 | Orc:2    | Found Fudaucs's Food Shop.
 34346 | Orc:2    | Found Xuuze's Book Boutique.
 34645 | Orc:2    | Found Mannoluf's Antique Armour Shoppe.
 34697 | Orc:2    | Found a radiant altar of Vehumet.
 34709 | Orc:2    | Received a gift from Okawaru
 34712 | Orc:2    | Got an ancient centaur barding {god gift}
 34723 | Orc:2    | Found Cawustur's Gadget Shoppe.
 34748 | Orc:2    | Identified the +2 centaur barding "Geumoytz" {Regen+ Int+4 Dex-2 SInv} (Okawaru gifted it to you on level 2 of the Orcish Mines)
 34863 | Orc:2    | Found a roughly hewn altar of Beogh.
 34863 | Orc:2    | Found Laem's Magic Scroll Emporium.
 34906 | Orc:2    | Bought a scroll of identify for 24 gold pieces
 34921 | Orc:2    | Found an ancient bone altar of Kikubaaqudgha.
 34971 | Orc:2    | Found Kaycvuh's Gadget Emporium.
 35032 | Orc:2    | Bought a shimmering helmet for 313 gold pieces
 35042 | Orc:2    | Identified the +0 helmet "Upluosk" {rElec Int+5 Slay-4} (You bought it in a shop on level 2 of the Orcish Mines)
 35108 | Orc:2    | Bought a manual of Armour for 1656 gold pieces
 35285 | Shoals:1 | Entered Level 1 of the Shoals
 35722 | Shoals:1 | Reached XP level 16. HP: 149/149 MP: 23/23
 35871 | Shoals:1 | Reached skill level 5 in Armour
 36200 | Shoals:2 | Noticed Roxanne
 36212 | Shoals:2 | Killed Roxanne
 36223 | Shoals:2 | Identified Roxanne's Handbook of Transformation (You took it off Roxanne on level 2 of the Shoals)
 36441 | Shoals:2 | Noticed a kraken
 36463 | Shoals:2 | Killed a kraken
 36463 | Shoals:2 | Received a gift from Okawaru
 37322 | Shoals:3 | Noticed a kraken
 37342 | Shoals:3 | Killed a kraken
 37342 | Shoals:3 | Received a gift from Okawaru
 37744 | Shoals:3 | Received a gift from Okawaru
 38196 | Shoals:4 | Entered Level 4 of the Shoals
 38208 | Shoals:4 | Received a gift from Okawaru
 38708 | Shoals:4 | Received a gift from Okawaru
 39219 | Shoals:4 | Received a gift from Okawaru
 39425 | Shoals:4 | Reached skill level 10 in Armour
 39425 | Shoals:4 | Reached XP level 17. HP: 108/156 MP: 24/24
 39667 | Shoals:4 | Reached skill level 27 in Bows
 39780 | Shoals:4 | Got a barnacled rune of Zot
 39852 | Shoals:4 | Noticed Ilsuiw
 39874 | Shoals:4 | Killed Ilsuiw
 40279 | Shoals:4 | Identified Tuned's Handbook of Vitriolic Changing
 41036 | D:15     | Reached skill level 1 in Charms
 41068 | Depths:1 | Entered Level 1 of the Depths
 41106 | Depths:1 | Reached skill level 1 in Air Magic
 41127 | Depths:1 | Reached skill level 1 in Dodging
 41133 | Depths:1 | Received a gift from Okawaru
 41224 | Depths:1 | Reached skill level 1 in Translocations
 41229 | Depths:1 | Reached skill level 1 in Spellcasting
 41280 | Depths:1 | Found a gateway to Hell.
 41294 | Depths:1 | Received a gift from Okawaru
 41565 | Depths:1 | Found a bloodstained altar of Trog.
 41810 | Depths:1 | Received a gift from Okawaru
 41814 | Depths:1 | Got a scorched centaur barding {god gift}
 41929 | Depths:1 | Identified the +0 centaur barding of the Present {Str+6} (Okawaru gifted it to you on level 1 of the Depths)
 42185 | Depths:1 | Noticed Mara
 42199 | Depths:1 | Noticed Azzok's illusion
 42210 | Depths:1 | Killed Mara
 42559 | Depths:1 | Reached XP level 18. HP: 163/163 MP: 25/25
 42759 | Depths:1 | Noticed Jorgrun
 42764 | Depths:1 | Killed Jorgrun
 43455 | Depths:1 | Received a gift from Okawaru
 43458 | Depths:1 | Got a faintly humming chain mail {god gift}
 43472 | Depths:1 | Identified the +0 chain mail "Komuo" {Regen+} (Okawaru gifted it to you on level 1 of the Depths)
 43492 | Depths:1 | Found Tiumor's Magic Scroll Shoppe.
 43697 | Depths:1 | Noticed a lich
 43699 | Depths:1 | Killed a lich
 43820 | Depths:1 | Identified the Almanac of Black Magic
 44317 | Depths:2 | Got a steaming ruby amulet
 44359 | Depths:2 | Found a one-way gate to the infinite horrors of the Abyss.
 44526 | Depths:2 | Reached skill level 5 in Charms
 44737 | Depths:2 | Noticed a caustic shrike
 44745 | Depths:2 | Killed a caustic shrike
 44775 | Depths:2 | Noticed a tentacled monstrosity
 44778 | Depths:2 | Killed a tentacled monstrosity
 44829 | Depths:2 | Reached skill level 5 in Translocations
 44886 | Depths:2 | Identified the amulet "Mubrop" {Reflect Dex+2 SH+2} (You acquired it on level 2 of the Depths)
 44990 | Depths:2 | Found a one-way gate leading to the halls of Pandemonium.
 45014 | Depths:2 | Reached skill level 5 in Air Magic
 45523 | Depths:2 | Received a gift from Okawaru
 46151 | Depths:3 | Noticed Margery
 46151 | Depths:3 | Received a gift from Okawaru
 46156 | Depths:3 | Reached XP level 19. HP: 164/172 MP: 18/26
 46165 | Depths:3 | Killed Margery
 46409 | Depths:3 | Received a gift from Okawaru
 46429 | Depths:3 | Reached skill level 5 in Spellcasting
 46582 | Depths:3 | Received a gift from Okawaru
 46824 | Depths:3 | Found a snail-covered altar of Cheibriados.
 46872 | Depths:3 | Found a gateway to a ziggurat.
 46900 | Depths:3 | Found Atyrishri's Gadget Shop.
 46900 | Depths:3 | Found Gumav's Jewellery Emporium.
 46901 | Depths:3 | Found Sioxtihi's Jewellery Emporium.
 47047 | Depths:3 | Bought a cursed -3 ring of slaying for 48 gold pieces
 47052 | Depths:3 | Bought the ring of Fatigue {rPois SInv} for 314 gold pieces
 47195 | Depths:3 | Noticed a greater mummy
 47203 | Depths:3 | Killed a greater mummy
 47728 | Depths:3 | Noticed a greater mummy
 47760 | Depths:3 | Killed a greater mummy
 47867 | Depths:2 | Reached skill level 5 in Dodging
 48220 | Snake:1  | Entered Level 1 of the Snake Pit
 48441 | Snake:1  | Received a gift from Okawaru
 48444 | Snake:1  | Got a brightly glowing longbow {god gift}
 48545 | Snake:1  | Identified the +2 longbow of Vuhatali {speed, Str+4 Stlth+} (Okawaru gifted it to you on level 1 of the Snake Pit)
 50278 | Snake:2  | You fall through a shaft!
 50876 | Snake:2  | Received a gift from Okawaru
 51164 | Snake:3  | Received a gift from Okawaru
 51173 | Snake:3  | Reached XP level 20. HP: 137/179 MP: 29/29
 51919 | Snake:4  | Entered Level 4 of the Snake Pit
 51923 | Snake:4  | Received a gift from Okawaru
 53031 | Snake:4  | Received a gift from Okawaru
 53969 | Snake:4  | Noticed Kirke
 53971 | Snake:4  | Killed Kirke
 54567 | Snake:4  | Noticed Azzok's ghost (adept MiFi)
 54593 | Snake:4  | Killed Azzok's ghost
 54812 | Snake:4  | Reached XP level 21. HP: 187/188 MP: 32/32
 55309 | Snake:4  | Got a serpentine rune of Zot
 55501 | Snake:4  | Received a gift from Okawaru
 56152 | Depths:3 | Noticed a greater mummy
 56301 | Depths:3 | Killed a greater mummy
 56832 | Depths:4 | Found a sparkling altar of Nemelex Xobeh.
 57737 | Depths:4 | Received a gift from Okawaru
 58217 | Depths:4 | Found Ybita's Elemental Accessories.
 58386 | Depths:4 | Received a gift from Okawaru
 59025 | Depths:5 | Entered Level 5 of the Depths
 59043 | Depths:5 | Received a gift from Okawaru
 59068 | Depths:5 | Reached skill level 10 in Charms
 59416 | Depths:5 | Noticed an ancient lich
 59915 | Depths:5 | Reached skill level 10 in Translocations
 60303 | Depths:5 | Identified Sif Muna's Incunabulum of Displacement
 60537 | Depths:5 | Identified the Grimoire of Sinister Rites
 60543 | Depths:5 | Learned a level 3 spell: Portal Projectile
 60546 | Depths:5 | Learned a level 2 spell: Shroud of Golubria
 60551 | Depths:5 | Learned a level 4 spell: Passage of Golubria
 60599 | Depths:5 | Killed an ancient lich
 60599 | Depths:5 | Reached XP level 22. HP: 79/198 MP: 21/34
 61979 | Depths:5 | Received a gift from Okawaru
 61979 | Depths:5 | Reached skill level 10 in Air Magic
 62232 | Depths:5 | Found a gate to the Realm of Zot.
 62487 | Depths:5 | Received a gift from Okawaru
 62498 | Depths:5 | Paralysed by a floating eye for 3 turns
 63405 | Vaults:1 | Entered Level 1 of the Vaults
 64345 | Vaults:1 | Noticed Saint Roka
 64359 | Vaults:1 | Killed Saint Roka
 65763 | Vaults:1 | Received a gift from Okawaru
 66656 | Vaults:1 | Reached XP level 23. HP: 139/211 MP: 36/36
 67506 | Vaults:2 | Reached skill level 10 in Spellcasting
 67829 | Vaults:2 | Received a gift from Okawaru
 67832 | Vaults:2 | Got a pitted centaur barding {god gift}
 67852 | Vaults:2 | Identified the +6 centaur barding "Talo" {+Blink Regen+ Slay+3} (Okawaru gifted it to you on level 2 of the Vaults)
 68402 | Vaults:2 | Found Makaimei's Weapon Emporium.
 68774 | Vaults:3 | Found Zoripurr's Book Shoppe.
 68794 | Vaults:3 | Noticed Nikola
 68800 | Vaults:3 | Killed Nikola
 69483 | Vaults:3 | Found Biyfuh's Magic Scroll Shoppe.
 69924 | Vaults:3 | Found Relitwih's Magic Scroll Shop.
 70162 | Vaults:3 | Received a gift from Okawaru
 70375 | Vaults:3 | Found a staircase to the Crypt.
 70505 | Vaults:3 | Received a gift from Okawaru
 71103 | Vaults:4 | Reached XP level 24. HP: 222/222 MP: 37/37
 71244 | Vaults:4 | Noticed Bai Suzhen
 71283 | Vaults:4 | Killed Bai Suzhen
 71283 | Vaults:4 | Reached skill level 15 in Armour
 71727 | Vaults:4 | Received a gift from Okawaru
 72563 | Elf:1    | Entered Level 1 of the Elven Halls
 72591 | Elf:1    | Found a radiant altar of Vehumet.
 72807 | Elf:1    | Found Wilaz's Antique Armour Shoppe.
 72817 | Elf:1    | Bought an encrusted ring mail for 279 gold pieces
 72817 | Elf:1    | Bought a pair of runed gloves for 325 gold pieces
 72830 | Elf:1    | Identified the +4 ring mail of the Trilobite {rPois MR- Int-5 Dex+7} (You bought it in a shop on level 1 of the Elven Halls)
 73876 | Elf:2    | Found an ancient bone altar of Kikubaaqudgha.
 73965 | Elf:2    | Found a huge runed gate.
 73965 | Elf:2    | Found a huge runed gate.
 73965 | Elf:2    | Found a huge runed gate.
 73965 | Elf:2    | Found a huge runed gate.
 73966 | Elf:2    | Found a huge runed gate.
 74532 | Elf:2    | Received a gift from Okawaru
 74879 | Elf:3    | Entered Level 3 of the Elven Halls
 75621 | Elf:3    | Received a gift from Okawaru
 76445 | Elf:3    | Got a twisted cloak
 76446 | Elf:3    | Identified the +0 cloak of the Butterfly {Str-4 Dex+4} (You found it on level 3 of the Elven Halls)
 76699 | Elf:3    | Learned a level 2 spell: Song of Slaying
 76703 | Elf:3    | Learned a level 3 spell: Spectral Weapon
 76706 | Elf:3    | Got a transparent plate armour
 76709 | Elf:3    | Got a bound steel ring
 76719 | Elf:3    | Identified the cursed +1 plate armour of Nuczitost {-Cast rF+ rC+ rN+++ MR-} (You found it on level 3 of the Elven Halls)
 76721 | Elf:3    | Identified the ring of Irrepressible Laughter {Ice +Blink rElec Dex+6 Stlth-} (You found it on level 3 of the Elven Halls)
 76739 | Elf:3    | Got a jewelled ring mail
 76740 | Elf:3    | Identified the +3 ring mail of Loss {rElec rF+ Dex+4} (You found it on level 3 of the Elven Halls)
 77154 | Slime:1  | Entered Level 1 of the Pits of Slime
 77380 | Slime:1  | Gained mutation: You expend magic power (3 MP) to strengthen your wands. [a shining eye]
 77495 | Slime:2  | Received a gift from Okawaru
 77499 | Slime:2  | Got a twisted longbow {god gift}
 77556 | Slime:2  | Identified the +11 longbow "Beastbane" {venom, SInv} (Okawaru gifted it to you on level 2 of the Pits of Slime)
 77589 | Slime:3  | Reached XP level 25. HP: 232/232 MP: 39/39
 78506 | Slime:5  | Entered Level 5 of the Pits of Slime
 78516 | Slime:5  | Gained mutation: Your spells are a little easier to cast, but a little less powerful. [a shining eye]
 78642 | Slime:5  | Received a gift from Okawaru
 78668 | Slime:5  | Found a viscous altar of Jiyva.
 78670 | Slime:5  | Noticed the Royal Jelly
 78686 | Slime:5  | Killed the Royal Jelly
 78788 | Slime:5  | Got a slimy rune of Zot
 78800 | Slime:5  | Got an encrusted chain mail
 78849 | Slime:5  | Received a gift from Okawaru
 79103 | Slime:5  | Received a gift from Okawaru
 79212 | Slime:4  | Identified the cursed +0 chain mail "Qanib" {Regen+ Dex+3} (You found it on level 5 of the Pits of Slime)
 79438 | Slime:5  | Got a vibrating turquoise ring
 79440 | Slime:5  | Got a smoking helmet
 79453 | Slime:5  | Got a slimy centaur barding
 79474 | Slime:5  | Got a faintly glowing chain mail
 79497 | Slime:5  | Identified the ring "Meokij" {rN+ Int+2} (You found it on level 5 of the Pits of Slime)
 79514 | Slime:5  | Got a pair of jewelled gloves
 79515 | Slime:5  | Identified the +0 pair of gloves of Weightlessness {rC- rN+ Dex+2 SInv} (You found it on level 5 of the Pits of Slime)
 79519 | Slime:5  | Got a slimy plate armour
 79577 | Slime:5  | Identified the +2 centaur barding of Inaction {MR+ Str+6} (You found it on level 5 of the Pits of Slime)
 79799 | Lair:1   | Identified the +9 plate armour of Theory {Int+4} (You found it on level 5 of the Pits of Slime)
 80129 | Vaults:5 | Entered Level 5 of the Vaults
 80157 | Vaults:4 | Reached skill level 15 in Translocations
 80794 | Vaults:5 | Noticed an ancient lich
 80805 | Vaults:5 | Killed an ancient lich
 81478 | Vaults:5 | Received a gift from Okawaru
 81491 | Vaults:5 | Received a gift from Okawaru
 81762 | Vaults:5 | Received a gift from Okawaru
 81762 | Vaults:5 | Reached XP level 26. HP: 156/244 MP: 40/40
 82207 | Vaults:5 | Cast into level 2 of the Abyss (ettin)
 82609 | Abyss:2  | Found a corrupted altar of Lugonu.
 82885 | Abyss:2  | Found a blossoming altar of Fedhas.
 83027 | Vaults:5 | Escaped the Abyss
 83132 | Vaults:5 | Identified the +0 chain mail of the Bagpipe {*Slow rPois rN++ SInv} (You found it on level 5 of the Pits of Slime)
 83134 | Vaults:5 | Identified the cursed +0 helmet "Eckoh" {MR+ Str+4 Int+4} (You found it on level 5 of the Pits of Slime)
 83145 | Vaults:5 | Got a steaming amber ring
 83171 | Vaults:5 | Received a gift from Okawaru
 83575 | Vaults:5 | Identified the ring "Wycw" {+Fly rElec rN+} (You took it off a tengu reaver on level 5 of the Vaults)
 83588 | Vaults:5 | Identified the Volume of Lucky Feathers
 83604 | Vaults:5 | Identified Dutis's Catalogue of Lucky Evil Rituals
 83947 | Vaults:5 | Got a transparent scale mail
 83948 | Vaults:5 | Identified the +1 scale mail "Dibol" {Regen+ Str+5 Int-4 SInv} (You found it on level 5 of the Vaults)
 84099 | Vaults:5 | Got a silver rune of Zot
 84812 | D:3      | Fell from the grace of Okawaru
 84812 | D:3      | Became a worshipper of the Shining One
 85375 | Crypt:1  | Entered Level 1 of the Crypt
 85461 | Crypt:1  | Got a shimmering cloak
 85462 | Crypt:1  | Identified the cursed +0 cloak "Itoofo" {rC+ SInv} (You found it on level 1 of the Crypt)
 85527 | Crypt:1  | Reached * piety under the Shining One
 86119 | Crypt:2  | Reached ** piety under the Shining One
 86170 | Crypt:2  | Reached *** piety under the Shining One
 86653 | Crypt:2  | Reached **** piety under the Shining One
 87075 | Crypt:2  | Noticed Boris
 87089 | Crypt:2  | Killed Boris
 87241 | Crypt:3  | Entered Level 3 of the Crypt
 87355 | Crypt:3  | Reached ***** piety under the Shining One
 87661 | Crypt:3  | Identified Qiapn's Handbook of the Traveller and Unholy Rites
 88020 | Crypt:3  | Found an ancient bone altar of Kikubaaqudgha.
 88133 | Crypt:3  | Reached ****** piety under the Shining One
 88154 | Crypt:3  | Identified a +9 longbow of holy wrath (a +9 longbow of freezing blessed by the Shining One)
 88154 | Crypt:3  | Received a gift from the Shining One
 88228 | Crypt:3  | Noticed an ancient lich
 88233 | Crypt:3  | Killed an ancient lich
 88565 | Crypt:3  | Identified the Collected Works on Unholy Arts
 88578 | Crypt:3  | Reached XP level 27. HP: 254/254 MP: 41/41
 89235 | Crypt:3  | Found a staircase to the Tomb.
 90712 | Zot:1    | Entered Level 1 of the Realm of Zot
 92561 | Zot:2    | Was forgiven by Okawaru
 94720 | Zot:4    | Reached skill level 15 in Invocations
 95655 | Zot:5    | Entered Level 5 of the Realm of Zot
 96084 | Zot:5    | Noticed an ancient lich
 96257 | Zot:5    | Noticed an ancient lich
 96277 | Zot:5    | Killed an ancient lich
 96692 | Zot:5    | Noticed an orb of fire
 96704 | Zot:5    | Noticed an orb of fire
 96709 | Zot:5    | Killed an orb of fire
 96726 | Zot:5    | Killed an ancient lich
 96882 | Zot:5    | Gained mutation: You tend to lose your temper in combat. [an orb of fire]
 96886 | Zot:5    | Gained mutation: Your body sometimes deteriorates upon taking damage. [an orb of fire]
 96887 | Zot:5    | Killed an orb of fire
 96888 | Zot:5    | Gained mutation: Your mind is acute. (Int +2) [potion of mutation]
 96888 | Zot:5    | Gained mutation: You often lose your temper in combat. [potion of mutation]
 96888 | Zot:5    | Gained mutation: You are frail. (-10% HP) [potion of mutation]
 96889 | Zot:5    | Gained mutation: You have a pair of small antennae on your head. [potion of mutation]
 96889 | Zot:5    | Lost mutation: Your mind is acute. (Int +2) [potion of mutation]
 96889 | Zot:5    | Gained mutation: Your body often deteriorates upon taking damage. [potion of mutation]
 96890 | Zot:5    | Gained mutation: Your spells are easier to cast, but less powerful. [potion of mutation]
 96890 | Zot:5    | Lost mutation: You have a pair of small antennae on your head. [potion of mutation]
 96890 | Zot:5    | Gained mutation: Your mind is acute. (Int +2) [potion of mutation]
 96891 | Zot:5    | Gained mutation: Your magical capacity is low. (-10% MP) [potion of mutation]
 96891 | Zot:5    | Gained mutation: Your mind is very acute. (Int +4) [potion of mutation]
 96892 | Zot:5    | Lost mutation: Your body often deteriorates upon taking damage. [potion of mutation]
 96892 | Zot:5    | Gained mutation: You are surrounded by a mild repulsion field. (EV +2) [potion of mutation]
 97130 | Zot:5    | Noticed an ancient lich
 97137 | Zot:5    | Killed an ancient lich
 97147 | Zot:5    | Noticed an orb of fire
 97154 | Zot:5    | Killed an orb of fire
 98181 | Orc:2    | Bought a scroll of recharging for 114 gold pieces
 98181 | Orc:2    | Bought a scroll of recharging for 114 gold pieces
 98181 | Orc:2    | Bought 2 scrolls of enchant armour for 180 gold pieces
 98181 | Orc:2    | Bought a scroll of teleportation for 36 gold pieces
 98181 | Orc:2    | Bought a scroll of teleportation for 36 gold pieces
 98181 | Orc:2    | Bought a scroll of recharging for 114 gold pieces
 98336 | D:11     | Bought a potion of agility for 116 gold pieces
 98336 | D:11     | Bought a scroll of enchant armour for 217 gold pieces
 98445 | Lair:1   | Learned a level 5 spell: Silence
 98462 | Lair:1   | Lost mutation: You expend magic power (3 MP) to strengthen your wands. [potion of mutation]
 98463 | Lair:1   | Lost mutation: Your magical capacity is low. (-10% MP) [potion of mutation]
 98464 | Lair:1   | Lost mutation: Your body sometimes deteriorates upon taking damage. [potion of mutation]
 98465 | Lair:1   | Gained mutation: You have a pair of small antennae on your head. [potion of mutation]
 98466 | Lair:1   | Gained mutation: You are agile. (Dex +2) [potion of beneficial mutation]
 98716 | Pan      | Entered Pandemonium
 98753 | Pan      | Noticed Amiwat the pandemonium lord
 98758 | Pan      | Killed Amiwat the pandemonium lord
 98762 | Pan      | Noticed Mennas
 98776 | Pan      | Killed Mennas
 98820 | Pan      | Gained mutation: You are occasionally teleported next to monsters. [a cacodemon]
 98844 | Pan      | Lost mutation: You are agile. (Dex +2) [a cacodemon]
 98858 | Pan      | Gained mutation: You have an uncontrollable temper. [a cacodemon]
 99014 | Pan      | Found an exit through the horrors of the Abyss.
 99318 | Pan      | Gained mutation: You are clumsy. (Dex -2) [a cacodemon]
 99467 | Pan      | Noticed Xyusm the pandemonium lord
 99475 | Pan      | Killed Xyusm the pandemonium lord
 99812 | Pan      | Found an exit through the horrors of the Abyss.
100082 | Pan      | Found an exit through the horrors of the Abyss.
100354 | Pan      | Noticed Sisifagh the pandemonium lord
100357 | Pan      | Killed Sisifagh the pandemonium lord
100615 | Pan      | Noticed Matoc the pandemonium lord
100623 | Pan      | Killed Matoc the pandemonium lord
100973 | Pan      | Found an exit through the horrors of the Abyss.
101309 | Pan      | Got a demonic rune of Zot
101554 | Pan      | Found an exit through the horrors of the Abyss.
102253 | Pan      | Noticed Fujev the pandemonium lord
102262 | Pan      | Killed Fujev the pandemonium lord
102355 | Pan      | Found an exit through the horrors of the Abyss.
102923 | Pan      | Lost mutation: You have an uncontrollable temper. [potion of cure mutation]
102923 | Pan      | Lost mutation: Your spells are easier to cast, but less powerful. [potion of cure mutation]
102923 | Pan      | Lost mutation: Your mind is very acute. (Int +4) [potion of cure mutation]
102923 | Pan      | Lost mutation: You are clumsy. (Dex -2) [potion of cure mutation]
102924 | Pan      | Lost mutation: You are frail. (-10% HP) [potion of cure mutation]
102924 | Pan      | Lost mutation: Your spells are a little easier to cast, but a little less powerful. [potion of cure mutation]
102924 | Pan      | Lost mutation: You often lose your temper in combat. [potion of cure mutation]
102925 | Pan      | Lost mutation: Your mind is acute. (Int +2) [potion of cure mutation]
102925 | Pan      | Lost mutation: You tend to lose your temper in combat. [potion of cure mutation]
102925 | Pan      | Lost mutation: You have a pair of small antennae on your head. [potion of cure mutation]
102925 | Pan      | Lost mutation: You are occasionally teleported next to monsters. [potion of cure mutation]
102925 | Pan      | Lost mutation: You are surrounded by a mild repulsion field. (EV +2) [potion of cure mutation]
103517 | Pan      | Noticed Plog the pandemonium lord
103522 | Pan      | Killed Plog the pandemonium lord
103779 | Pan      | Found an exit through the horrors of the Abyss.
104149 | Pan      | Noticed Corerimn the pandemonium lord
104160 | Pan      | Killed Corerimn the pandemonium lord
104544 | Pan      | Found an exit through the horrors of the Abyss.
105053 | Pan      | Noticed Joinea Naur the pandemonium lord
105058 | Pan      | Killed Joinea Naur the pandemonium lord
105359 | Pan      | Found an exit through the horrors of the Abyss.
105687 | Pan      | Found a runed door.
106416 | Pan      | Found an exit through the horrors of the Abyss.
106708 | Pan      | Noticed Doiq the pandemonium lord
106718 | Pan      | Killed Doiq the pandemonium lord
107126 | Pan      | Gained mutation: Your body sometimes deteriorates upon taking damage. [a cacodemon]
107146 | Pan      | Reached skill level 27 in Fighting
107676 | Pan      | Found an exit through the horrors of the Abyss.
107914 | Pan      | Noticed Daloc the pandemonium lord
107924 | Pan      | Killed Daloc the pandemonium lord
108608 | Pan      | Found an exit through the horrors of the Abyss.
108627 | Pan      | Noticed Wett the pandemonium lord
108633 | Pan      | Killed Wett the pandemonium lord
109133 | Pan      | Got a shimmering tin ring
109134 | Pan      | Identified the ring "Xokhloives" {rF+++ rN++ Str-5 Int+4 Stlth+} (You acquired it in Pandemonium)
109411 | Pan      | Found an exit through the horrors of the Abyss.
109505 | Pan      | Noticed Ikoyrph the pandemonium lord
109578 | Pan      | Killed Ikoyrph the pandemonium lord
109885 | Pan      | Gained mutation: You are frail. (-10% HP) [a cacodemon]
109918 | Pan      | Noticed Kafech the pandemonium lord
109934 | Pan      | Killed Kafech the pandemonium lord
109938 | Pan      | Gained mutation: Your magical capacity is low. (-10% MP) [a cacodemon]
110366 | Pan      | Found an exit through the horrors of the Abyss.
110606 | Pan      | Noticed Kyopan the pandemonium lord
110711 | Pan      | Killed Kyopan the pandemonium lord
110881 | Pan      | Found an exit through the horrors of the Abyss.
111837 | Pan      | Found an exit through the horrors of the Abyss.
111989 | Pan      | Found an exit through the horrors of the Abyss.
112367 | Pan      | Noticed Esusong the pandemonium lord
112378 | Pan      | Killed Esusong the pandemonium lord
112641 | Pan      | Noticed Guf Qine the pandemonium lord
112648 | Pan      | Killed Guf Qine the pandemonium lord
112691 | Pan      | Gained mutation: You are very frail. (-20% HP) [a cacodemon]
112929 | Pan      | Found an exit through the horrors of the Abyss.
113496 | Pan      | Noticed Bogiw the pandemonium lord
113514 | Pan      | Killed Bogiw the pandemonium lord
113822 | Pan      | Found an exit through the horrors of the Abyss.
115060 | Pan      | Entered the realm of Gloorx Vloq.
115123 | Pan      | Found an exit through the horrors of the Abyss.
115636 | Pan      | Noticed Gloorx Vloq
115647 | Pan      | Killed Gloorx Vloq
115902 | Pan      | Got a dark rune of Zot
116184 | Pan      | Gained mutation: Your body often deteriorates upon taking damage. [a neqoxec]
116187 | Pan      | Gained mutation: You are partially covered in rugged brown scales. (AC +1, +3% HP) [a neqoxec]
116224 | Pan      | Found an exit through the horrors of the Abyss.
116282 | Pan      | Reached skill level 27 in Invocations
116446 | Pan      | Noticed Zoyniet the pandemonium lord
116461 | Pan      | Killed Zoyniet the pandemonium lord
116915 | Pan      | Found an exit through the horrors of the Abyss.
117167 | Pan      | Noticed Runef the pandemonium lord
117180 | Pan      | Killed Runef the pandemonium lord
117687 | Pan      | Found an exit through the horrors of the Abyss.
118044 | Pan      | Noticed Fiadezxo the pandemonium lord
118046 | Pan      | Killed Fiadezxo the pandemonium lord
118272 | Pan      | Noticed Gieh the pandemonium lord
118279 | Pan      | Killed Gieh the pandemonium lord
118547 | Pan      | Found an exit through the horrors of the Abyss.
119038 | Pan      | Gained mutation: You are occasionally teleported next to monsters. [a cacodemon]
119121 | Pan      | Noticed Meughime the pandemonium lord
119130 | Pan      | Killed Meughime the pandemonium lord
119413 | Pan      | Identified the Reference Book on the Frostbite and Fire
119503 | Pan      | Found an exit through the horrors of the Abyss.
120060 | Pan      | Found an exit through the horrors of the Abyss.
120145 | Pan      | Noticed Etatzih the pandemonium lord
120155 | Pan      | Killed Etatzih the pandemonium lord
120433 | Pan      | Noticed Yjeiv the pandemonium lord
120449 | Pan      | Killed Yjeiv the pandemonium lord
120802 | Pan      | Found an exit through the horrors of the Abyss.
121087 | Pan      | Entered the realm of Mnoleg.
121146 | Pan      | Found an exit through the horrors of the Abyss.
121484 | Pan      | Gained mutation: Scrolls take you a little longer to read. [a cacodemon]
121616 | Pan      | Noticed Mnoleg
121626 | Pan      | Killed Mnoleg
121665 | Pan      | Got a glowing rune of Zot
121728 | Pan      | Gained mutation: You expend magic power (3 MP) to strengthen your wands. [a cacodemon]
121988 | Pan      | Lost mutation: Scrolls take you a little longer to read. [potion of cure mutation]
121988 | Pan      | Lost mutation: You expend magic power (3 MP) to strengthen your wands. [potion of cure mutation]
121988 | Pan      | Lost mutation: Your magical capacity is low. (-10% MP) [potion of cure mutation]
121988 | Pan      | Lost mutation: You are partially covered in rugged brown scales. (AC +1, +3% HP) [potion of cure mutation]
121988 | Pan      | Lost mutation: You are very frail. (-20% HP) [potion of cure mutation]
121991 | Pan      | Lost mutation: Your body often deteriorates upon taking damage. [potion of cure mutation]
121991 | Pan      | Lost mutation: You are frail. (-10% HP) [potion of cure mutation]
121991 | Pan      | Lost mutation: Your body sometimes deteriorates upon taking damage. [potion of cure mutation]
121991 | Pan      | Lost mutation: You are occasionally teleported next to monsters. [potion of cure mutation]
122036 | Pan      | Got a flickering ruby amulet
122037 | Pan      | Identified the amulet of Mosittie {RegenMP rPois} (You acquired it in Pandemonium)
122050 | Pan      | Entered the realm of Lom Lobon.
122739 | Pan      | Noticed Lom Lobon
122748 | Pan      | Killed Lom Lobon
122765 | Pan      | Reached skill level 27 in Armour
123118 | Pan      | Got a magical rune of Zot
123532 | Pan      | Found an exit through the horrors of the Abyss.
124012 | Pan      | Found an exit through the horrors of the Abyss.
124253 | Pan      | Noticed Iliurghi the pandemonium lord
124264 | Pan      | Killed Iliurghi the pandemonium lord
125124 | Pan      | Found an exit through the horrors of the Abyss.
125314 | Pan      | Noticed Ponweisize the pandemonium lord
125323 | Pan      | Killed Ponweisize the pandemonium lord
125323 | Pan      | Reached skill level 5 in Long Blades
126020 | Pan      | Found an exit through the horrors of the Abyss.
126155 | Pan      | Reached skill level 15 in Spellcasting
126242 | Pan      | Noticed Daiczo the pandemonium lord
126246 | Pan      | Killed Daiczo the pandemonium lord
126554 | Pan      | Found an exit through the horrors of the Abyss.
126631 | Pan      | Got a wavering silver ring
126632 | Pan      | Identified the ring "Reopn" {rElec rPois rF+ Dex+3} (You acquired it in Pandemonium)
126747 | Pan      | Noticed Kaog the pandemonium lord
126774 | Pan      | Killed Kaog the pandemonium lord
127178 | Pan      | Entered the realm of Cerebov.
127296 | Pan      | Noticed Cerebov
127321 | Pan      | Killed Cerebov
127623 | Pan      | Got a fiery rune of Zot
127641 | Pan      | Identified Dica's Grimoire of Transmigration
127709 | Pan      | Got a faintly glowing ring mail
127710 | Pan      | Identified the +5 ring mail of the Elven Halls {rElec rF- MR- Slay+4} (You found it in Pandemonium)
127752 | Pan      | Got a brightly glowing amber ring
127753 | Pan      | Identified the ring of Sin {rF+ Dex+3 Stlth-} (You found it in Pandemonium)
127788 | Pan      | Got a smoking glass ring
127789 | Pan      | Identified the ring "Waclogi Keig" {rC+ MR- Str+2 Int+5} (You found it in Pandemonium)
127930 | Pan      | Found an exit through the horrors of the Abyss.
127943 | Pan      | Took an exit into the Abyss.
127943 | Abyss:1  | Escaped into the Abyss
128365 | Abyss:2  | Got a transparent iron ring
128366 | Abyss:2  | Identified the ring "Xitet" {rPois rF++ Int-5} (You acquired it on level 2 of the Abyss)
128796 | Abyss:2  | Paralysed by you for 5 turns
128965 | Abyss:3  | Found a shattered altar of Ashenzari.
129008 | Abyss:3  | Got an abyssal rune of Zot
129272 | Depths:2 | Escaped the Abyss
129725 | Hell     | Entered the Vestibule of Hell
129725 | Hell     | Noticed Geryon
129739 | Hell     | Killed Geryon
129806 | Hell     | Noticed Murray
129848 | Depths:1 | Killed from afar by a war gargoyle

Skill      XL: |  1  2  3  4  5  6  7  8  9 10 11 12 13 14 15 16 17 18 19 20 21 22 23 24 25 26 27 |
---------------+----------------------------------------------------------------------------------+-----
Fighting       | 4 5 6 8 9 11 14 15 16 17 18 19 20 21 22 27 | 27.0
Invocations    | 5 9 10 27 | 27.0
Bows           | 4 10 15 19 23 25 26 27 | 27.0
Armour         | 4 10 11 12 13 14 15 16 17 27 | 27.0
Charms         | 3 5 7 9 10 | 10.6
Air Magic      | 3 5 7 8 9 10 | 10.1
Dodging        | 2 4 5 9 |  9.6
Translocations | 3 5 7 8 10 11 13 14 15 16 19 | 19.5
Spellcasting   | 2 4 6 7 8 9 10 12 13 14 15 | 15.9
Long Blades    | 9 |  9.8
Shields        | |  2.1

Action                   |  1- 3 |  4- 6 |  7- 9 | 10-12 | 13-15 | 16-18 | 19-21 | 22-24 | 25-27 || total
-------------------------+-------+-------+-------+-------+-------+-------+-------+-------+-------++-------
Melee: Long sword        |   112 |   177 |   355 |       |       |       |       |       |       ||   644
       Kick              |    17 |    35 |   184 |   111 |    23 |       |     3 |     1 |     9 ||   383
       Whip              |       |       |    18 |   311 |       |       |       |       |       ||   329
       Trident           |       |       |   205 |    82 |       |       |       |       |       ||   287
       Double sword      |       |       |       |       |    57 |       |     4 |     7 |     8 ||    76
       Triple sword      |       |       |       |       |       |       |       |       |    10 ||    10
 Fire: Shortbow          |       |       |       |   678 |   104 |       |       |       |       ||   782
       Longbow           |       |       |       |    23 |  1234 |  1227 |  1599 |  1784 |  6829 || 12696
 Cast: Repel Missiles    |       |       |       |       |       |       |     9 |    11 |    25 ||    45
       Portal Projectile |       |       |       |       |       |       |     2 |    23 |   227 ||   252
       Apportation       |       |       |       |       |       |       |       |     9 |    23 ||    32
       Blink             |       |       |       |       |       |       |       |       |    11 ||    11
       Shroud of Golubri |       |       |       |       |       |       |       |       |     4 ||     4
       Passage of Golubr |       |       |       |       |       |       |       |       |     1 ||     1
       Song of Slaying   |       |       |       |       |       |       |       |       |     1 ||     1
Invok: Heroism           |       |       |       |     9 |     3 |     9 |     3 |     1 |     1 ||    26
       Finesse           |       |       |       |     1 |     2 |     4 |       |       |       ||     7
       Brand Weapon With |       |       |       |       |       |       |       |       |     1 ||     1
       Summon Divine War |       |       |       |       |       |       |       |       |     8 ||     8
       Divine Shield     |       |       |       |       |       |       |       |       |     4 ||     4
Evoke: Wand              |       |     1 |     7 |     2 |     2 |     1 |     1 |       |    14 ||    28
  Use: Potion            |       |     1 |     1 |     2 |     1 |     1 |       |     1 |    23 ||    30
       Scroll            |       |       |       |    10 |    25 |    12 |     8 |    13 |    73 ||   141
 Stab: Paralysed         |       |       |     3 |       |       |       |       |       |       ||     3
  Eat: Chunk             |       |     7 |    17 |    23 |    51 |    27 |    38 |    41 |   132 ||   336
       Fruit             |       |       |       |     6 |     1 |       |       |       |       ||     7
Armor: Scale mail        |    66 |   120 |   316 |   412 |    74 |       |       |       |       ||   988
       Plate armour      |       |       |       |    13 |   213 |   215 |   134 |   257 |   252 ||  1084
       Skin              |       |       |       |       |       |       |       |       |    18 ||    18
       Gold dragon scale |       |       |       |       |       |       |       |       |  1985 ||  1985
Dodge: Dodged            |    30 |    35 |   140 |   107 |    50 |    47 |    54 |    93 |   523 ||  1079
       Deflected         |       |       |       |       |       |       |    27 |    29 |    55 ||   111
Block: Shield            |    50 |    86 |   241 |   151 |       |       |       |       |       ||   528
       Other             |       |       |       |       |       |       |       |       |     9 ||     9
       Reflection        |       |       |       |       |       |       |       |       |     2 ||     2
       Rpst.: Long sword |     9 |     8 |    21 |       |       |       |       |       |       ||    38
       Double sword      |       |       |       |       |     2 |       |       |       |       ||     2
       Triple sword      |       |       |       |       |       |       |       |       |     1 ||     1
